 Dungeon Crawl Stone Soup version 0.26-a0-800-g517d6fe721 (webtiles) character file.

Game seed: 9193052732114331809

215 robertstho the Chiller (level 5, 0/28 HPs)
             Began as a Deep Elf Ice Elementalist on Nov 11, 2020.
             Succumbed to an adder's poison
             ... on level 2 of the Dungeon.
             The game lasted 00:02:46 (1245 turns).

robertstho the Chiller (Deep Elf Ice Elementalist)  Turns: 1245, Time: 00:02:47

Health: 0/28       AC:  4    Str:  5    XL:     5   Next: 60%
Magic:  12/14      EV: 13    Int: 21    God:
Gold:   18         SH:  0    Dex: 15    Spells: 6/13 levels left

rFire    . . .     SeeInvis .   k - +2 scythe (venom)
rCold    . . .     Faith    .   (shield currently unavailable)
rNeg     . . .     Spirit   .   h - +2 robe {MR+}
rPois    .         Reflect  .   (no helmet)
rElec    .         Harm     .   (no cloak)
rCorr    .         Rampage  .   (no gloves)
MR       +....                  (no boots)
Stlth    ++........             (no amulet)
HPRegen  0.09/turn              (no ring)
MPRegen  0.14/turn              (no ring)

@: brilliant, lethally poisoned (0 -> -3)
A: no striking features
a: no special abilities


You were on level 2 of the Dungeon.
You visited 1 branch of the dungeon, and saw 2 of its levels.

You collected 18 gold pieces.

Inventory:

Hand Weapons
 d - a +0 spear
 k - a +2 scythe of venom (weapon)
Armour
 a - a +0 robe
 h - a +2 robe of magic resistance (worn)
Scrolls
 b - a scroll of noise {unknown}
 c - 2 scrolls of blinking {unknown}
 e - a scroll of magic mapping {unknown}
 f - a scroll of remove curse {unknown}
 g - a scroll of teleportation {unknown}
 j - a scroll of identify {unknown}


   Skills:
 + Level 0.6 Polearms
 + Level 2.8 Dodging
 + Level 2.8 Stealth
 * Level 4.8 Spellcasting
 * Level 6.4 Ice Magic


You had 6 spell levels left.
You knew the following spells:

 Your Spells              Type           Power        Failure   Level
a - Freeze                Ice            ####         1%          1
b - Frozen Ramparts       Ice            #####.       2%          3
c - Ozocubu's Armour      Ice            #####...     2%          3

Your spell library contained the following spells:

 Spells                   Type           Power        Failure   Level
 Hailstorm                Conj/Ice       ####....     28%         4
 Summon Ice Beast         Ice/Summ       ####....     28%         4


Dungeon Overview and Level Annotations

Branches:
Dungeon (2/15)

Altars:


Message History

* * * LOW HITPOINT WARNING * * *
The wall freezes the leopard gecko. x2
You kill the leopard gecko!
It was a potion of brilliance.
You feel clever all of a sudden.
The wall freezes the hobgoblin.
The wall freezes the hobgoblin!
You kill the hobgoblin!
* * * LOW HITPOINT WARNING * * *
You feel sick.
Things that are here:
a +0 club; a leopard gecko corpse You aren't carrying any potions.
Unknown command.
A rat comes into view.
The rat moves out of view.
You see here an adder corpse.
* * * LOW HITPOINT WARNING * * *
You feel sick.
The frozen ramparts melt away.
You die...

#..# #.# #..# #.#
#####.)###.#
............######
.................#
#.##############.#
# #.#
##########)##
#.@.....†...#
#.###.......# #.
#.......# #.
#.......# #.
#.......# #.
#.......# #.
#.......# #.
######..#


There were no monsters in sight!

Vanquished Creatures
  Sigmund (D:2)
  4 adders (D:2)
  A worm (D:2)
  2 dart slugs (D:2)
  3 leopard geckos (D:2)
  A ball python (D:1)
  3 goblins
  A hobgoblin (D:2)
  3 jackals (D:2)
  A bat (D:1)
  2 frilled lizards
  2 kobolds
  A rat (D:2)
25 creatures vanquished.

Notes
Turn   | Place    | Note
-------+----------+-------------------------------------------
     0 | D:1      | robertstho the Deep Elf Ice Elementalist began the quest
                  | for the Orb.
     0 | D:1      | Reached XP level 1. HP: 10/10 MP: 6/6
   351 | D:1      | You fall into a shaft and drop 1 floor!
   386 | D:2      | Reached XP level 2. HP: 11/15 MP: 5/8
   486 | D:2      | Reached skill level 5 in Ice Magic
   601 | D:2      | Reached XP level 3. HP: 6/19 MP: 6/9
   606 | D:2      | Learned a level 3 spell: Frozen Ramparts
   610 | D:2      | Learned a level 3 spell: Ozocubu's Armour
  1067 | D:2      | Noticed Sigmund
  1100 | D:2      | Killed Sigmund
  1100 | D:2      | Reached skill level 6 in Ice Magic
  1100 | D:2      | Reached XP level 4. HP: 24/24 MP: 6/12
  1100 | D:2      | Reached XP level 5. HP: 28/28 MP: 7/14
  1237 | D:2      | HP: 1/28 [poisoned by an adder]
  1245 | D:2      | Succumbed to an adder's poison

Illustrated notes

Levels and vault maps discovered:
D:1:      ncdulo_halloftheorcs, layout_basic
D:2:      layout_loops_ring, uniq_sigmund

Skill      XL: |  1  2  3 |
---------------+----------+-----
Ice Magic      | 5 6 |  6.4
Spellcasting   | 4 |  4.8
Polearms       | |  0.6
Dodging        | |  2.8
Stealth        | |  2.8

Action                   |  1- 3 |  4- 6 || total
-------------------------+-------+-------++-------
Melee: Spear             |    49 |       ||    49
       Scythe            |       |     5 ||     5
 Cast: Freeze            |    12 |       ||    12
       Frozen Ramparts   |     5 |     3 ||     8
  Use: Potion            |     1 |     1 ||     2
 Stab: Sleeping          |     2 |       ||     2
Armor: Robe              |     9 |     2 ||    11
Dodge: Dodged            |    54 |     9 ||    63

Table legend: (Time is in decaauts)
 A = Elapsed time spent in this place.
 B = Non-inter-level travel time spent in this place.
 C = Inter-level travel time spent in this place.
 D = Time resting spent in this place.
 E = Time spent auto-exploring this place.
 F = Levels seen in this place.
 G = Mean time per level.
                   A        B        C        D        E       F      G
               +--------+--------+--------+--------+--------+-----+--------+
         Total |   1253 |   1253 |      0 |     39 |    963 |   2 |  626.5 |
       Dungeon |   1253 |   1253 |      0 |     39 |    963 |   2 |  626.5 |
               +--------+--------+--------+--------+--------+-----+--------+

Top non-repeatable levels by time:
     D:2: 900 daAuts
     D:1: 352 daAuts
